 Dungeon Crawl Stone Soup version 0.22.1-2-g9c5b331 (webtiles) character file.

3466 delarado the Cleaver (level 9, -2/83 HPs)
             Began as a Black Draconian Berserker on Dec 13, 2018.
             Was a Priest of Trog.
             Slain by a gargoyle
             ... wielding a +0 flail
              (22 damage)
             ... on level 7 of the Dungeon.
             The game lasted 00:22:16 (8629 turns).

delarado the Cleaver (Black Draconian Berserker)    Turns: 8629, Time: 00:22:17

Health: -2/83      AC:  7    Str: 22    XL:     9   Next: 78%
Magic:  9/9        EV: 12    Int:  9    God:    Trog [***...]
Gold:   357        SH:  0    Dex: 10    Spells: 8/8 levels left

rFire    . . .     SeeInvis .   g - +1 war axe
rCold    . . .     Gourm    .   (no shield)
rNeg     . . .     Faith    .   (armour unavailable)
rPois    .         Spirit   .   (helmet restricted)
rElec    +         Reflect  .   (no cloak)
rCorr    .         Harm     .   (no gloves)
MR       .....                  (no boots)
Stlth    +.........             (no amulet)
HPRegen  0.23/turn              (no ring)
MPRegen  0.11/turn              (no ring)

@: berserk cooldown, slowed, very slow
A: breathe lightning, unfitting armour, electricity resistance, cold-blooded, AC
+7
a: Breathe Lightning, Berserk, Trog's Hand, Renounce Religion


You were on level 7 of the Dungeon.
You worshipped Trog.
Trog was most pleased with you.
You were very hungry.

You visited 2 branches of the dungeon, and saw 8 of its levels.

You collected 357 gold pieces.

Inventory:

Hand Weapons
 a - a +0 hand axe
 g - a +1 war axe (weapon)
Missiles
 f - 172 stones (quivered)
Armour
 c - a +0 scale mail
Jewellery
 h - an uncursed ring of ice
Scrolls
 e - 3 scrolls of blinking
 i - a scroll of immolation
 k - a scroll of enchant weapon
 m - a scroll of teleportation
Potions
 d - a potion of flight {unknown}
 j - a potion of resistance {unknown}
 l - a potion of berserk rage {unknown}
 n - 2 potions of curing {unknown}
 o - a potion of haste {unknown}
Comestibles
 b - 3 rations


   Skills:
 - Level 9.0 Fighting
 + Level 11.9 Axes
 - Level 2.6 Dodging


You had 8 spell levels left.
You didn't know any spells.
Your spell library was empty.

Dungeon Overview and Level Annotations

Branches:
Dungeon (7/15)             Temple (1/1) D:6

Altars:
Ashenzari
Cheibriados
Dithmenos
Elyvilon
Fedhas
Gozag
Hepliaklqana
Makhleb
Nemelex Xobeh
Okawaru
Qazlal
Ru
Sif Muna
Trog
Uskayaw
Wu Jian
Xom
Yredelemnul
Zin
The Shining One
Beogh

Portals:
Ossuary: D:7

Annotations:
D:4 3 runed doors, Torikoriko's ghost, amateur KoAr
D:5 1 exclusion


Innate Abilities, Weirdness & Mutations

You can breathe wild blasts of lightning.
Your glossy black scales are hard. (AC +7)
You cannot fit into any form of body armour.
You are resistant to electric shocks. (rElec)
You are cold-blooded and may be slowed by cold attacks.


Message History

The gargoyle hurls a stone arrow at you.
The stone arrow misses you.
You slash the gargoyle!
The gargoyle is moderately damaged.
The gargoyle hurls a stone arrow at you.
The stone arrow hits you!
You hit the gargoyle but do no damage.
The gargoyle is moderately damaged.
You hit the gargoyle but do no damage. The gargoyle closely misses you.
The gargoyle hurls a stone arrow at you.
The stone arrow hits you!
* * * LOW HITPOINT WARNING * * *
You are too injured to fight recklessly!
You are too injured to fight recklessly!
You are too injured to fight recklessly!
You hit the gargoyle but do no damage.
You tail-slap the gargoyle, but do no damage.
The gargoyle is moderately damaged.
You hit the gargoyle. The gargoyle hits you with a flail!!
You die...

###.........###
#...##...##...#
##.###8...8###.##
#..#?##...##8#..#
#.###'.....'###.#
#.#?#.......#.#.#
#.##'.......)##.#
#.##99..8....##.#
#.##+@......'##.#
#.# #.......#8#.#
#.###+.....'###.#
#..# ##'.)##8#..#
##.###8###?###.##
#...#######...#
###.........###
###########


You could see 2 gargoyles.

Vanquished Creatures
  A two-headed ogre (D:7)
  Pikel (D:4)
  2 gargoyles (D:7)
  Grinder (D:4)
  Eustachio (D:6)
  A sky beast (Temple)
  4 ogres
  A centaur (D:5)
  2 crimson imps
  A bullfrog zombie (D:6)
  A quasit (D:5)
  2 hounds (D:6)
  3 bullfrog skeletons
  4 orc priests
  Terence (D:2)
  Natasha (D:2)
  An iguana (D:6)
  4 orc wizards
  4 worker ants
  A hound skeleton (D:2)
  4 gnolls (D:6)
  A howler monkey skeleton (D:6)
  10 adders
  3 oozes
  An adder skeleton (D:4)
  A worm (D:2)
  5 leopard geckos
  15 orcs
  2 ball pythons
  4 giant cockroaches
  8 goblins
  5 hobgoblins
  3 quokkas
  4 bats
  6 frilled lizards
  11 kobolds
  A leopard gecko skeleton (D:5)
  A leopard gecko zombie (D:5)
  2 quokka skeletons
  10 rats
134 creatures vanquished.

Vanquished Creatures (others)
  A centaur (D:5)
  A leopard gecko (D:5)
  2 orcs
  A quokka (D:6)
5 creatures vanquished.

Grand Total: 139 creatures vanquished

Notes
Turn   | Place    | Note
-------+----------+-------------------------------------------
     0 | D:1      | delarado the Draconian Berserker began the quest for the
                  | Orb.
     0 | D:1      | Reached XP level 1. HP: 19/19 MP: 1/1
   141 | D:1      | Reached XP level 2. HP: 25/26 MP: 2/2
   228 | D:1      | Reached skill level 4 in Axes
   751 | D:2      | Reached XP level 3. HP: 26/31 MP: 3/3
  1166 | D:2      | Reached ** piety under Trog
  1294 | D:2      | Noticed Terence
  1300 | D:2      | Killed Terence
  1300 | D:2      | Reached skill level 5 in Axes
  1300 | D:2      | Reached XP level 4. HP: 31/38 MP: 4/4
  1404 | D:2      | Found a hide-covered altar of Uskayaw.
  2056 | D:2      | Noticed Natasha
  2067 | D:2      | Killed Natasha
  2067 | D:2      | Reached XP level 5. HP: 38/45 MP: 5/5
  2554 | D:3      | Found an iron altar of Okawaru.
  2685 | D:3      | Reached skill level 6 in Axes
  3845 | D:4      | Noticed Grinder
  3854 | D:4      | Killed Grinder
  3854 | D:4      | Reached skill level 5 in Fighting
  3854 | D:4      | Reached XP level 6. HP: 56/56 MP: 6/6
  3970 | D:4      | Reached skill level 7 in Axes
  3970 | D:4      | Your scales start taking on a glossy black colour.
  3970 | D:4      | Reached XP level 7. HP: 6/61 MP: 7/7
  3970 | D:4      | Gained mutation: You are resistant to electric shocks.
                  | (rElec) [Black Draconian growth]
  4298 | D:4      | Noticed Pikel
  4318 | D:4      | Killed Pikel
  4318 | D:4      | Reached skill level 8 in Axes
  4318 | D:4      | Reached XP level 8. HP: 45/71 MP: 8/8
  4791 | D:4      | Reached *** piety under Trog
  4874 | D:4      | Found a runed gate.
  4877 | D:4      | Found a runed gate.
  4879 | D:4      | Noticed Torikoriko's ghost (amateur KoAr)
  4880 | D:4      | Found a runed gate.
  4881 | D:4      | Found a roughly hewn altar of Beogh.
  5215 | D:5      | Entered Level 5 of the Dungeon
  5861 | D:5      | Found an ornate altar of the Wu Jian Council.
  6018 | D:5      | Reached skill level 9 in Axes
  6364 | D:5      | Found a shimmering altar of Xom.
  7002 | D:6      | Found a staircase to the Ecumenical Temple.
  7149 | D:6      | Noticed Eustachio
  7150 | Temple   | Entered the Ecumenical Temple
  7266 | D:6      | Killed Eustachio
  7283 | Temple   | Reached XP level 9. HP: 60/83 MP: 9/9
  7436 | D:6      | Found a white marble altar of Elyvilon.
  7651 | D:6      | Found a hazy altar of Hepliaklqana.
  7934 | D:6      | Reached skill level 10 in Axes
  8268 | D:7      | Noticed a two-headed ogre
  8273 | D:7      | Killed a two-headed ogre
  8273 | D:7      | Reached skill level 11 in Axes
  8390 | D:7      | Found a sand-covered staircase.
  8479 | D:7      | Noticed a gargoyle
  8484 | D:7      | Killed a gargoyle
  8614 | D:7      | Noticed a gargoyle
  8622 | D:7      | Killed a gargoyle
  8624 | D:7      | Noticed a gargoyle
  8624 | D:7      | Noticed a gargoyle
  8629 | D:7      | Slain by a gargoyle

Skill      XL: |  1  2  3  4  5  6  7  8  9 |
---------------+----------------------------+-----
Axes           | 4 5 6 7 8 9 11 | 11.9
Fighting       | 5 6 9 |  9.0
Dodging        | |  2.6

Action                   |  1- 3 |  4- 6 |  7- 9 || total
-------------------------+-------+-------+-------++-------
Melee: Hand axe          |   114 |   123 |       ||   237
       Tailslap          |    11 |    19 |    37 ||    67
       War axe           |       |    28 |   250 ||   278
Invok: Berserk           |       |     3 |     6 ||     9
       Trog's Hand       |       |     1 |       ||     1
  Use: Scroll            |       |     2 |     3 ||     5
       Potion            |       |     2 |       ||     2
 Stab: Sleeping          |     1 |       |       ||     1
  Eat: Chunk             |     1 |     7 |    10 ||    18
       Ration            |       |     2 |     2 ||     4
Armor: Skin              |    29 |    38 |    92 ||   159
Dodge: Dodged            |    72 |    99 |   163 ||   334
